 Dungeon Crawl Stone Soup version 0.27-a0-906-g0a00ce8 (webtiles) character file.

Game seed: 12073881291333253245

85 2tousent the Skirmisher (level 4, 0/37 HPs)
             Began as a Demonspawn Monk on Apr 6, 2021.
             Was a Priest of Lugonu.
             Slain by Sigmund
             ... wielding a +0 vorpal scythe
              (1 damage)
             ... on level 2 of the Dungeon.
             The game lasted 00:03:56 (2376 turns).

2tousent the Skirmisher (Demonspawn Monk)           Turns: 2376, Time: 00:03:56

Health: 0/37       AC:  5    Str: 11 (13) XL:     4   Next: 25%
Magic:  5/5        EV: 11    Int:  9 (11) God:    Lugonu [***...]
Gold:   86         SH:  0    Dex: 12 (15) Spells: 3/3 levels left

rFire    . . .     SeeInvis .   a - +0 spear
rCold    . . .     Faith    .   (no shield)
rNeg     . . .     Spirit   .   d - +0 ring mail
rPois    .         Reflect  .   (no helmet)
rElec    .         Harm     .   (no cloak)
rCorr    .         Rampage  .   (no gloves)
Will     .....                  (no boots)
Stlth    +.........             (no amulet)
HPRegen  0.12/turn              (no ring)
MPRegen  0.09/turn              (no ring)

@: no status effects
A: foul stench 1
a: Renounce Religion, Depart the Abyss, Bend Space, Banish


You were on level 2 of the Dungeon.
You worshipped Lugonu.
Lugonu was most pleased with you.
You visited 1 branch of the dungeon, and saw 2 of its levels.

You collected 86 gold pieces.

Inventory:

Hand Weapons
 a - a +0 spear (weapon)
Armour
 b - a +0 robe
 d - a +0 ring mail (worn)
Jewellery
 c - a ring of magical power


   Skills:
 * Level 3.8 Fighting
 - Level 2.6 Polearms
 * Level 1.9 Armour
 + Level 3.2 Dodging
 - Level 1.7 Stealth
 * Level 1.5 Invocations


You had 3 spell levels left.
You didn't know any spells.
Your spell library was empty.

Dungeon Overview and Level Annotations

Branches:
Dungeon (2/15)

Altars:
Lugonu

Shops:
D:2 [

Annotations:
D:2 Sigmund


Innate Abilities, Weirdness & Mutations

You may rarely emit foul miasma when damaged in melee.


Message History

HP restored.
You climb downwards.
Level annotation: Sigmund
There is a stone staircase leading up here.
You see here 29 stones.
Sigmund is nearby!
Sigmund shouts!
Sigmund casts a spell at you. The puff of flame hits you.
You start resting.
Sigmund is nearby!
Sigmund completely misses you.
You hit Sigmund.
Sigmund is moderately wounded.
Sigmund gestures at himself while chanting.
Sigmund flickers and vanishes!
Deactivating autopickup; reactivate with Ctrl-A.
You hit something. Something hits you!
You hit something. Something hits you but does no damage.
You barely miss something. Something hits you!
You closely miss something.
You hear some strange, mumbled words.
A puff of flame appears from out of thin air!
The puff of flame hits you!
* * * LOW HITPOINT WARNING * * *
You hit something. Something hits you but does no damage.
It was a potion of degeneration.
There was something very wrong with that liquid.
You feel weakened.
You feel dopey.
You feel clumsy.
You hear some strange, mumbled words.
A puff of flame appears from out of thin air!
The puff of flame misses you.
You aren't in the Abyss!
Press: ? - help, Shift-Dir - straight line You fail to use your ability.
Something hits you.
* * * LOW HITPOINT WARNING * * *
x2
Press: ? - help, Shift-Dir - straight line You fail to use your ability.
Something hits you.
* * * LOW HITPOINT WARNING * * *
You die...

############################
...........................#
#####################.####.#
################## #.# #.######
...............{.####+####......#
################@..........####.#
########.......##..## #.#
#...................# #.#
#.#####.............# #.# #.#
#<#.............###.#
#.###.#.##..............#
#########.#...#.###...###########
..........#.###.##...##
..........#........⌠..##


There were no monsters in sight!

Vanquished Creatures
  A gnoll (D:1)
  4 adders (D:2)
  A worm (D:2)
  A dart slug (D:2)
  8 bats
  2 endoplasms (D:2)
  7 giant cockroaches
  A goblin (D:1)
  3 hobgoblins
  A kobold (D:2)
  A quokka (D:1)
  A ball python (D:2)
  A frilled lizard (D:2)
  2 rats
34 creatures vanquished.

Notes
Turn   | Place    | Note
-------+----------+-------------------------------------------
     0 | D:1      | 2tousent the Demonspawn Monk began the quest for the Orb.
     0 | D:1      | Reached XP level 1. HP: 18/18 MP: 1/1
   115 | D:1      | Gained mutation: You may rarely emit foul miasma when
                  | damaged in melee. [demonic ancestry]
   115 | D:1      | Reached XP level 2. HP: 14/24 MP: 2/2
   465 | D:1      | Reached skill level 1 in Armour
   711 | D:1      | Found a faded altar of an unknown god.
   719 | D:1      | Became a worshipper of Lugonu the Unformed
   719 | D:1      | Reached * piety under Lugonu
   719 | D:1      | Reached ** piety under Lugonu
   719 | D:1      | Reached *** piety under Lugonu
   789 | D:2      | Reached XP level 3. HP: 28/29 MP: 3/3
   805 | D:2      | Noticed Sigmund
  1257 | D:2      | Found Apatus's Armour Shoppe.
  1742 | D:2      | Reached skill level 1 in Invocations
  1760 | D:2      | Reached XP level 4. HP: 22/37 MP: 4/4
  2376 | D:2      | HP: 1/37 [something (2)]
  2376 | D:2      | Slain by Sigmund

Illustrated notes

Levels and vault maps discovered:
D:1:      lightli_arrival_flooded_house, layout_rooms,
          chequers_ecumenical_altar_simple_redux
D:2:      cheibrodos_helix_gallery, layout_basic, serial_shops, shop,
          grunt_ministairs_9, uniq_sigmund

Skill      XL: |  1  2  3 |
---------------+----------+-----
Dodging        | 3 |  3.2
Armour         | 1 |  1.9
Invocations    | 1 |  1.5
Fighting       | |  3.8
Polearms       | |  2.6
Stealth        | |  1.7

Action                   |  1- 3 |  4- 6 || total
-------------------------+-------+-------++-------
Melee: Spear             |   102 |    16 ||   118
Invok: Bend Space        |       |     2 ||     2
  Use: Scroll            |     3 |       ||     3
       Potion            |       |     1 ||     1
 Stab: Sleeping          |     2 |       ||     2
Armor: Robe              |     8 |       ||     8
       Ring mail         |    17 |     8 ||    25
Dodge: Dodged            |    46 |    11 ||    57

Table legend: (Time is in decaauts)
 A = Elapsed time spent in this place.
 B = Non-inter-level travel time spent in this place.
 C = Inter-level travel time spent in this place.
 D = Time resting spent in this place.
 E = Time spent auto-exploring this place.
 F = Levels seen in this place.
 G = Mean time per level.
                   A        B        C        D        E       F      G
               +--------+--------+--------+--------+--------+-----+--------+
         Total |   2375 |   2264 |    111 |    292 |   1684 |   2 | 1187.5 |
       Dungeon |   2375 |   2264 |    111 |    292 |   1684 |   2 | 1187.5 |
               +--------+--------+--------+--------+--------+-----+--------+

Top non-repeatable levels by time:
     D:2: 1225 daAuts
     D:1: 1150 daAuts
